 Dungeon Crawl Stone Soup version 0.20-a0-33-g996f6e0 (webtiles) character file.

216 Faca the Bolt Thrower (level 5, -8/42 HPs)
             Began as a Centaur Hunter on Nov 9, 2016.
             Was a Believer of Fedhas.
             Mangled by an iguana (11 damage)
             ... on level 4 of the Dungeon.
             The game lasted 00:37:01 (2787 turns).

Faca the Bolt Thrower (Centaur Hunter)              Turns: 2787, Time: 00:37:02

Health: -8/42      AC:  8    Str: 15    XL:     5   Next: 61%
Magic:  5/5        EV:  7    Int: 10    God:    Fedhas [**....]
Gold:   184        SH:  0    Dex: 10    Spells: 0 memorised, 4 levels left

rFire  + . .     SeeInvis .     b - +0 short sword
rCold  + + .     Gourm    .     l - +0 scale mail
rNeg   . . .     Faith    .     (no shield)
rPois  +         Spirit   .     r - +1 helmet
rElec  +         Reflect  .     (no cloak)
rCorr  +         Harm     .     (no gloves)
MR     .....                    (no barding)
Stlth  ..........               (no amulet)
                                (no ring)
                                o - ring of protection from cold

@: resistant, very quick
A: hooves 3, deformed body, speed 2, tough skin 3
a: Fungal Bloom, Evolution, Sunlight, Renounce Religion


You were on level 4 of the Dungeon.
You worshipped Fedhas.
Fedhas was pleased with you.
You were not hungry.

You visited 1 branch of the dungeon, and saw 4 of its levels.

You collected 184 gold pieces.

Inventory:

Hand Weapons
 a - a +1 hand crossbow
 b - a +0 short sword (weapon)
Armour
 k - a +0 ring mail
 l - a +0 scale mail (worn)
 r - a +1 helmet (worn)
Jewellery
 o - a ring of protection from cold (left hand)
Scrolls
 e - 4 scrolls of identify {unknown}
 h - 3 scrolls of teleportation {unknown}
 p - a scroll of random uselessness {unknown}
 s - a scroll of remove curse
Potions
 c - a potion of curing {unknown}
 g - a potion of flight {unknown}
 j - 2 potions of mutation {unknown}
 m - 2 potions of lignification {unknown}
 q - a potion of might {unknown}
Comestibles
 f - 3 bread rations
 i - a meat ration


   Skills:
 + Level 2.7 Fighting
 + Level 6.8 Crossbows
 + Level 0.9 Armour
 + Level 1.6 Dodging
 + Level 0.7 Stealth


You had 4 spell levels left.
You didn't know any spells.

Dungeon Overview and Level Annotations

Branches:
Dungeon (4/15)
 Temple: D:4-7

Altars:
Ashenzari
Elyvilon
Fedhas
Qazlal
Trog
Uskayaw
Yredelemnul


Innate Abilities, Weirdness & Mutations

You have hooves in place of feet.
Armour fits poorly on your strangely shaped body.
You cover ground very quickly.
You have extremely tough skin. (AC +3)


Message History

b - a +0 short sword (weapon)
The orc hits you but does no damage.
You hit the iguana but do no damage. Your kick misses the iguana.
The iguana is lightly wounded.
The iguana bites you.
* * * LOW HITPOINT WARNING * * *
The orc hits you but does no damage. The iguana bites you.
* * * LOW HITPOINT WARNING * * *
You barely miss the iguana.
The iguana is lightly wounded.
The orc hits you but does no damage.
The iguana bites you but does no damage.
You closely miss the iguana. Your kick misses the iguana.
The iguana is lightly wounded.
The orc hits you but does no damage. The iguana barely misses you.
You hit the iguana.
The iguana is moderately wounded.
The orc hits you but does no damage. The iguana bites you!
You die...
Fedhas appreciates your contribution to the ecosystem.

####
#####...#.
###(?.......
...........
#Z.(......
#lo((.(..(
#@((......
##........
##....>.(
##....#
.((.. .###
..


You could see an iguana, an orc and a jackal skeleton.

Vanquished Creatures
  An orc priest (D:4)
  Robin (D:3)
  4 gnolls (D:3)
  An adder (D:2)
  3 oozes
  3 worms
  5 dart slugs
  A leopard gecko (D:3)
  4 orcs (D:4)
  A giant cockroach (D:1)
  8 hobgoblins
  10 jackals (D:3)
  8 kobolds
  A quokka (D:2)
  A ball python (D:1)
  9 bats
  5 frilled lizards
  16 goblins
  9 rats
91 creatures vanquished.

Vanquished Creatures (others)
  An orc (D:3)
  12 toadstools (D:3)
13 creatures vanquished.

Grand Total: 104 creatures vanquished

Notes
Turn   | Place    | Note
-------+----------+-------------------------------------------
     0 | D:1      | Faca the Centaur Hunter began the quest for the Orb.
     0 | D:1      | Reached XP level 1. HP: 17/17 MP: 1/1
    95 | D:1      | Reached XP level 2. HP: 24/24 MP: 2/2
   127 | D:1      | Reached skill level 5 in Crossbows
   391 | D:1      | Reached XP level 3. HP: 29/29 MP: 3/3
   703 | D:2      | Upgraded the game from 0.20-a0-32-gb8e7c72 to 0.20-a0-33-g996f6e0
   937 | D:2      | Reached XP level 4. HP: 37/37 MP: 4/4
  1111 | D:2      | Found a bloodstained altar of Trog.
  1774 | D:3      | Reached skill level 6 in Crossbows
  1828 | D:3      | Found a basalt altar of Yredelemnul.
  1828 | D:3      | Found a white marble altar of Elyvilon.
  1829 | D:3      | Found a shattered altar of Ashenzari.
  1918 | D:3      | Noticed Robin
  1929 | D:3      | Killed Robin
  2215 | D:3      | Found a faded altar of an unknown god.
  2239 | D:3      | Became a worshipper of Fedhas Madash
  2239 | D:3      | Reached * piety under Fedhas
  2253 | D:3      | Reached XP level 5. HP: 38/42 MP: 5/5
  2379 | D:3      | Found a stormy altar of Qazlal.
  2539 | D:3      | Found a hide-covered altar of Uskayaw.
  2542 | D:3      | Reached ** piety under Fedhas
  2787 | D:4      | Mangled by an iguana

Vault maps used:
D:1:      doesnt_arrival_goblin_jail, amethyst_killhole, serial_bayou_pond_b,
          serial_bayou_pond_b
D:2:      bloody_trog, serial_co_window_serial, co_window_paths_a,
          co_window_of_opportunity_a, co_window_corner_a, co_window_paths_a,
          co_window_corner_a, co_window_paths_a, co_window_of_opportunity_a,
          co_window_corner_ca, co_window_unsneaky_path_b, co_window_corner_b,
          glass_columns_a, glass_columns_a, glass_columns_c, glass_columns_a,
          glass_columns_a
D:3:      nicolae_qazlal_eye_of_the_storm, lemuel_round_altar,
          gammafunk_temple_overflow_claw, first_bread, ecumenical_altar_2,
          fountainhead, minivault_14, roderic_lattice_a, uniq_robin
D:4:      minmay_misc_feat_nine_boxes, minmay_misc_feat_x

Skill      XL: |  1  2  3  4 |
---------------+-------------+-----
Crossbows      | 5 6 |  6.8
Fighting       | |  2.7
Armour         | |  0.9
Dodging        | |  1.6
Stealth        | |  0.7

Action                   |  1- 3 |  4- 6 || total
-------------------------+-------+-------++-------
Melee: Hand crossbow     |     1 |       ||     1
       Short sword       |       |     4 ||     4
 Fire: Hand crossbow     |    91 |   130 ||   221
Invok: Fungal Bloom      |       |     6 ||     6
  Use: Scroll            |       |     2 ||     2
       Potion            |       |     1 ||     1
  Eat: Bread ration      |       |     1 ||     1
Armor: Leather armour    |    10 |       ||    10
       Ring mail         |     4 |     2 ||     6
       Scale mail        |       |    47 ||    47
Dodge: Dodged            |     8 |    25 ||    33
